 Dungeon Crawl Stone Soup version 0.27-a0-148-g9515ab555c (webtiles) character file.

Game seed: 8758197188091126211

9 knot the Chopper (level 2, 24/24 HPs)
             Began as a Demonspawn Berserker on Jan 26, 2021.
             Was a Follower of Trog.
             Quit the game on level 1 of the Dungeon.
             The game lasted 00:00:47 (305 turns).

knot the Chopper (Demonspawn Berserker)              Turns: 305, Time: 00:00:48

Health: 24/24      AC:  2    Str: 17    XL:     2   Next: 3%
Magic:  2/2        EV: 12    Int:  8    God:    Trog [*.....]
Gold:   7          SH:  0    Dex: 12    Spells: 1/1 levels left

rFire    . . .     SeeInvis .   a - +0 hand axe
rCold    . . .     Faith    .   (no shield)
rNeg     . . .     Spirit   .   b - +0 animal skin
rPois    .         Reflect  .   (no helmet)
rElec    .         Harm     .   (no cloak)
rCorr    .         Rampage  .   (no gloves)
Will     .....                  (no boots)
Stlth    +.........             d - amulet of magic regeneration
HPRegen  0.08/turn              (no ring)
MPRegen  0.33/turn              (no ring)

@: no status effects
A: sanguine armour 1
a: Renounce Religion, Berserk


You were on level 1 of the Dungeon.
You worshipped Trog.
Trog was aware of your devotion.
You visited 1 branch of the dungeon, and saw 1 of its levels.

You collected 7 gold pieces.

Inventory:

Hand Weapons
 a - a +0 hand axe (weapon)
Missiles
 e - 26 stones
Armour
 b - a +0 animal skin (worn)
Jewellery
 d - an amulet of magic regeneration (around neck)
Potions
 c - a potion of lignification {unknown}
 f - a potion of magic {unknown}


   Skills:
 - Level 3.0 Fighting
 + Level 3.2 Axes
 - Level 1.7 Armour
 - Level 1.7 Dodging


You had one spell level left.
You didn't know any spells.
Your spell library was empty.

Dungeon Overview and Level Annotations

Branches:
Dungeon (1/15)

Altars:


Innate Abilities, Weirdness & Mutations

When seriously injured, your bleeding wounds create armour. (AC +0)


Message History

The kobold shouts!
The jackal barely misses you.
The jackal barks!
You hit the jackal.
The jackal is severely wounded.
The jackal bites you but does no damage.
The jackal barely misses you.
You hit the jackal but do no damage.
The jackal is severely wounded.
You hit the jackal. The jackal barely misses you.
The jackal closely misses you. The jackal barely misses you. x2
You hit the jackal.
You kill the jackal!
Trog accepts your kill.
You barely miss the jackal.
The jackal bites you but does no damage. x2
You have reached level 2!
Your demonic ancestry asserts itself...
You feel your blood ready itself to protect you.
Are you sure you want to abandon this character and quit the game? (Confirm with "yes".)

. . ..... #. ♣.♣.#
#.##...# ..[..>.
#.##..# #.##K.#
#.##hh# ##.##@.#
#......# #..##.##
#..##.# #..##.#
#..##.#
#########..##.#
####..........##.#
.....########.# .#


You could see 2 jackals and a kobold.

Vanquished Creatures
  An ooze (D:1)
  A hobgoblin (D:1)
  A jackal (D:1)
  2 kobolds (D:1)
5 creatures vanquished.

Notes
Turn   | Place    | Note
-------+----------+-------------------------------------------
     0 | D:1      | knot the Demonspawn Berserker began the quest for the Orb.
     0 | D:1      | Reached XP level 1. HP: 18/18 MP: 1/1
   305 | D:1      | Gained mutation: When seriously injured, your bleeding
                  | wounds create armour. (AC +0) [demonic ancestry]
   305 | D:1      | Reached XP level 2. HP: 24/24 MP: 2/2
   305 | D:1      | Quit the game

Illustrated notes

Levels and vault maps discovered:
D:1:      dpeg_arrival_water_temple_mockup, layout_loops_ring, serial_forest,
          infiniplex_forest_clump_diagonal, infiniplex_forest_clump_small,
          infiniplex_forest_lined_3, infiniplex_forest_clump_tiny,
          infiniplex_forest_lined_3, corexii_leaking_fountain

Skill      XL: |  1 |
---------------+----+-----
Axes           | 3 |  3.2
Fighting       | |  3.0
Armour         | |  1.7
Dodging        | |  1.7

Action                   || total
-------------------------++-------
Melee: Hand axe          ||    17
Armor: Animal skin       ||     5
Dodge: Dodged            ||    17

Table legend: (Time is in decaauts)
 A = Elapsed time spent in this place.
 B = Non-inter-level travel time spent in this place.
 C = Inter-level travel time spent in this place.
 D = Time resting spent in this place.
 E = Time spent auto-exploring this place.
 F = Levels seen in this place.
 G = Mean time per level.
                   A        B        C        D        E       F      G
               +--------+--------+--------+--------+--------+-----+--------+
         Total |    307 |    307 |      0 |    118 |    151 |   1 |  307.0 |
       Dungeon |    307 |    307 |      0 |    118 |    151 |   1 |  307.0 |
               +--------+--------+--------+--------+--------+-----+--------+

Top non-repeatable levels by time:
     D:1: 307 daAuts
